 Dungeon Crawl Stone Soup version 0.30.1-4-g462c640d31 (webtiles) character file.

Game seed: 8229904064673886860

2 safid the Chiller (level 1, -5/14 HPs)
             Began as a Merfolk Ice Elementalist on Aug 15, 2023.
             Slain by a gnoll
             ... wielding a +0 spear
              (7 damage)
             ... on level 1 of the Dungeon.
             The game lasted 00:00:16 (183 turns).

safid the Chiller (Merfolk Ice Elementalist)         Turns: 183, Time: 00:00:17

Health: -5/14      AC:  2    Str:  8    XL:     1   Next: 40%
Magic:  0/3        EV: 12    Int: 14    God:
Gold:   0          SH:  0    Dex: 14    Spells: 3/4 levels left

rFire   . . .        d - +0 mace
rCold   . . .        (no shield)
rNeg    . . .        a - +0 robe
rPois   .            (no helmet)
rElec   .            (no cloak)
rCorr   .            (no gloves)
SInv    .            (no boots)
Will    .....        (no amulet)
Stlth   ++           (no ring)
HPRegen 0.22/turn    (no ring)
MPRegen 0.08/turn

%: no passive effects
@: no status effects
A: (nimble swimmer 2), mertail
a: no special abilities


You were on level 1 of the Dungeon.
You visited 1 branch of the dungeon, and saw 1 of its levels.

Inventory:

Hand Weapons
 d - a +0 mace (weapon)
Armour
 a - a +0 robe (worn)
Scrolls
 c - a scroll of teleportation {unknown}
Potions
 b - a potion of magic


   Skills:
 + Level 0.3 Fighting
 - Level 2.6 Dodging
 - Level 2.1 Stealth
 + Level 2.0 Spellcasting
 + Level 4.4 Ice Magic


You had 3 spell levels left.
You knew the following spells:

 Your Spells              Type           Power      Damage    Failure   Level
a - Freeze                Ice            52%        1d6       3%          1

Your spell library contained the following spells:

 Spells                   Type           Power      Damage    Failure   Level
 Frozen Ramparts          Ice            26%        1d4       12%         3
 Ozocubu's Armour         Ice            13%        N/A       12%         3
 Summon Ice Beast         Ice/Summ       7%         N/A       67%         4


Dungeon Overview and Level Annotations

Branches:
Dungeon (1/15)

Altars:


Innate Abilities, Weirdness & Mutations

((You are very nimble when in or above water. (Stealth+, EV+, Speed+++)))
Your lower body shifts to a powerful aquatic tail in water.


Message History

The kobold shouts!
A bat comes into view.
The gnoll shouts!
The bat hits the plant.
The plant begins to die.
The bat hits the plant.
The plant begins to die.
The bat hits the plant.
The gnoll hits you with a +0 spear.
You hit the gnoll but do no damage. The bat barely misses you.
The gnoll hits you with a +0 spear.
Casting: Freeze (safe; 3% risk of failure)
Confirm with . or Enter, or press ? or * to list all spells.
Aiming: Freeze (safe; 3% risk of failure)
Press: ? - help, Shift-Dir - straight line, f - gnoll
Aim: a gnoll, wielding a +0 spear You freeze the gnoll.
The gnoll is moderately wounded.
The bat closely misses you. The gnoll barely misses you.
The kobold hits the plant with a +0 whip.
The plant begins to die.
Casting: Freeze (safe; 3% risk of failure)
Confirm with . or Enter, or press ? or * to list all spells.
Aiming: Freeze (safe; 3% risk of failure)
Press: ? - help, Shift-Dir - straight line, f/p - gnoll
Aim: a gnoll, wielding a +0 spear (moderately wounded)
You freeze the gnoll.
The gnoll is heavily wounded.
A nearby plant withers and dies.
The bat hits you but does no damage. The gnoll hits you with a +0 spear.
* * * LOW HITPOINT WARNING * * *
The kobold hits the plant with a +0 whip.
Casting: Freeze (safe; 3% risk of failure)
Confirm with . or Enter, or press ? or * to list all spells.
Aiming: Freeze (safe; 3% risk of failure)
Press: ? - help, Shift-Dir - straight line, f/p - gnoll
Aim: a gnoll, wielding a +0 spear (heavily wounded)
You freeze the gnoll.
The gnoll is heavily wounded.
A nearby plant withers and dies.
The bat barely misses you. The bat closely misses you.
The gnoll hits you with a +0 spear!
Ouch! That really hurt!
You die...

.......## ....#....
######## ##........
.......## #..P..P...
...°....# ###.PP....P.
........# #......P....
.......# #....gK.P.P.
####### ####...@PP.P$..
#...# ##..###b.P......
##'## #..≈.#...PP..P..
##...####§≈≈.###........
#.....#§#§≈≈§#.#.###.##.
+..<>.'.#§§≈≈#.......#
#.....#≈#.§§§#.#.#####
##...####§≈≈.#...# ##'##
#..§.#..##


You could see a gnoll, a bat and a kobold.

Vanquished Creatures
  A hobgoblin (D:1)
  A frilled lizard (D:1)
  A rat (D:1)
3 creatures vanquished.

Notes
Turn   | Place    | Note
-------+----------+-------------------------------------------
     0 | D:1      | safid the Merfolk Ice Elementalist began the quest for the
                  | Orb.
     0 | D:1      | Reached XP level 1. HP: 13/13 MP: 3/3
   183 | D:1      | Slain by a gnoll

Illustrated notes

Levels and vault maps discovered:
D:1:      shiori_arrival_elements, layout_loops_cross, nicolae_grassy_gnolls

Action                     || total
---------------------------++-------
  Melee: Mace              ||     8
         Unarmed           ||     3
   Cast: Freeze            ||     6
 Armour: Robe              ||     2
  Dodge: Dodged            ||    14
